 Dungeon Sprint DCSS version 0.28.0-62-gf88900778d (webtiles) character file.

Game seed: 6277004785967445783

109 cbfl8 the Skirmisher (level 4, -1/40 HPs)
             Began as a Demonspawn Berserker on Jan 14, 2024.
             Was a Follower of Trog.
             Slain by Sigmund
             ... wielding a +5 vampiric scythe
              (16 damage)
             ... in the Dungeon (Sprint I: "Red Sonja").
             The game lasted 00:00:46 (301 turns).

cbfl8 the Skirmisher (Demonspawn Berserker)          Turns: 301, Time: 00:00:46

Health: -1/40      AC:  5    Str: 17    XL:     4   Next: 60%
Magic:  4/4        EV: 11    Int:  9    God:    Trog [*.....]
Gold:   54         SH:  0    Dex: 14    Spells: 3/3 levels left

rFire   . . .      SeeInvis .   a - +0 hand axe
rCold   . . .      Faith    .   (no shield)
rNeg    . . .      Spirit   .   j - +0 ring mail
rPois   .          Reflect  .   (no helmet)
rElec   .          Harm     .   (no cloak)
rCorr   .          Rampage  .   (no gloves)
Will    .....      NoTele   +   (no boots)
Stlth   +.........              (no amulet)
HPRegen 0.13/turn               (no ring)
MPRegen 0.09/turn               (no ring)

@: no status effects
A: powered by pain 1, weakness stinger 1
a: Renounce Religion, Berserk


You were in the Dungeon.
You worshipped Trog.
Trog was aware of your devotion.
You visited 1 branch You collected 54 gold pieces.

Inventory:

Hand Weapons
 a - a +0 hand axe (weapon)
Armour
 j - a +0 ring mail (worn)
Wands
 i - a wand of mindburst (14) (quivered)
Scrolls
 h - a scroll of blinking
Potions
 c - a potion of curing
 d - a potion of heal wounds
 e - a potion of haste
 f - 2 potions of magic
 g - a potion of berserk rage


   Skills:
 + Level 6.0 Fighting
 + Level 5.7 Axes
 + Level 3.0 Armour
 - Level 1.7 Dodging
 * Level 4.0 Evocations


You had 3 spell levels left.
You didn't know any spells.
Your spell library was empty.

Dungeon Overview and Level Annotations

Branches:
Dungeon (1/1)

Altars:

Annotations:
D Sigmund


Innate Abilities, Weirdness & Mutations

You sometimes gain a little power by taking damage.
You have a small tail.


Message History

Your Axes skill increases to level 5!
Your Armour skill increases to level 3!
Your Evocations skill gained 2 levels and is now at level 4!
You have reached level 3!
Your experience leads to an increase in your attributes!
Increase (S)trength, (I)ntelligence, or (D)exterity?
You feel agile. x2
You have reached level 4!
You feel clever.
Your demonic ancestry asserts itself...
You feel energised by your suffering.
You see here a +0 giant spiked club.
You start waiting.
Done waiting.
There is an open door here.
You open the door.
Found 54 gold pieces.
There is an open door, spattered with blood here.
You now have 27 gold pieces.
You now have 54 gold pieces (gained 27).
There is an open door, spattered with blood here.
You open the door.
Sigmund the Dreaded comes into view.
He is wielding a +5 vampiric scythe.
Sigmund shouts!
Aiming: Mindburst
Press: ? - help, Q - select action Shift-Dir - straight line, f - Sigmund
Aim: Sigmund, wielding a +5 vampiric scythe and wearing a +0 robe (chance to affect: 85%) Sigmund's mind is blasted!!
Sigmund points at you and mumbles some strange words.
The magic dart hits you.
Sigmund hits you with a +5 vampiric scythe!
There is an open door here.
You hit Sigmund but do no damage.
Sigmund is severely wounded.
Sigmund hits you with a +5 vampiric scythe!
Sigmund draws strength from your wounds!
You closely miss Sigmund. Your punch misses Sigmund.
Sigmund is heavily wounded.
You hit Sigmund. You tail-slap Sigmund.
Sigmund is severely wounded.
Sigmund hits you with a +5 vampiric scythe!
You die...

#############
#<.#.)'..#..+
#..'[.#..@@.#
#..#####'####
#..# #..#
#..# ####
#..# #⌠⌠#
####


You could see Sigmund.

Vanquished Creatures
  An ogre (D)
  Ijyb (D)
2 creatures vanquished.

Notes
Turn   | Place    | Note
-------+----------+-------------------------------------------
     0 | D        | cbfl8 the Demonspawn Berserker began the quest for the Orb.
     0 | D        | Reached XP level 1. HP: 18/18 MP: 1/1
    15 | D        | Noticed Ijyb
    26 | D        | Killed Ijyb
    27 | D        | Reached skill level 4 in Fighting
    27 | D        | Gained mutation: You have a small tail. [demonic ancestry]
    27 | D        | Reached XP level 2. HP: 21/26 MP: 2/2
   178 | D        | Noticed an ogre
   181 | D        | Killed an ogre
   182 | D        | Reached skill level 6 in Fighting
   182 | D        | Reached skill level 5 in Axes
   182 | D        | Reached XP level 3. HP: 34/34 MP: 3/3
   182 | D        | Gained mutation: You sometimes gain a little power by
                  | taking damage. [demonic ancestry]
   182 | D        | Reached XP level 4. HP: 40/40 MP: 4/4
   296 | D        | Noticed Sigmund
   301 | D        | Slain by Sigmund

Illustrated notes

Levels and vault maps discovered:
D:        dungeon_sprint_1 [red_sonja_temple_1, red_sonja_temple_small_1]

Skill      XL: |  1  2 |
---------------+-------+-----
Fighting       | 4 6 |  6.0
Axes           | 4 5 |  5.7
Armour         | 2 3 |  3.0
Evocations     | 2 4 |  4.0
Dodging        | |  1.7

Action                   |  1- 3 |  4- 6 || total
-------------------------+-------+-------++-------
Melee: Hand axe          |    10 |     3 ||    13
       Tailslap          |       |     1 ||     1
Invok: Berserk           |     1 |       ||     1
Evoke: Wand              |     3 |     1 ||     4
Dodge: Dodged            |     3 |       ||     3
